AoeStats
← Reis

Nomad

505939724Analyzed
4v4 RM · 22d ago on Sep 11, 2026· 24m 55s· 8 players
Game mode
Random Map
Map size
231×231
Population
200
Speed
Normal
Resources
Standard
Victory
Conquest
Starting age
Dark Age
Ending age
Imperial Age
RankedLock teamsTeams togetherTeam positionsShared explorationLock speedFull tech treeHidden civsTurbo modeCheats
Victory
Defeat
🇩🇪 Saracens · Germany
1482
+14
🇫🇷 Spanish · France
1451
+15
🇦🇷 Koreans · Argentina
1434
+16
🇦🇷 Persians · Argentina
1386
+18
🇨🇳 Italians · China
1497
-18
🇩🇪 Japanese · Germany
1493
-18
🇪🇸 Vikings · Spain
1381
-14
🇨🇭 Bulgarians · Switzerland
1365
-13
AWAKALTA
4:51 Loom
12:37 Feudal Age
13:23 Double-Bit Axe
13:50 Gold Mining
17:31 Fishing Lines
26:11 Castle Age
[TOX2] A-c-Syno-666
10:07 Loom
12:55 Feudal Age
18:11 Castle Age
20:58 Fletching
Taken
5:12 Loom
12:54 Feudal Age
17:35 Castle Age
16:02 Double-Bit Axe
18:14 Stone Mining
19:07 Bow Saw
Schmandl
4:43 Loom
14:53 Feudal Age
18:39 Castle Age
16:35 Double-Bit Axe
17:03 Horse Collar
19:56 Medium Warships
20:43 Bow Saw
22:11 Fletching
23:24 Wheelbarrow
DaKrankVieh
5:09 Loom
12:29 Feudal Age
12:31 Man-at-Arms
14:37 Arson
16:03 Fletching
17:15 Double-Bit Axe
24:12 Castle Age
22:55 Padded Archer Armor
22:54 Gold Mining
25:02 Bodkin Arrow
24:28 Crossbowman
Reis
6:55 Loom
14:13 Feudal Age
18:38 Castle Age
21:35 Fletching
22:20 Bodkin Arrow
Aspirante
5:14 Loom
13:45 Feudal Age
17:56 Castle Age
22:29 Fletching
牛比无极限
6:19 Loom
14:59 Feudal Age
18:55 Castle Age
18:00 Double-Bit Axe
Connection lost

Rejoining the realm…

Still unreachable

The connection could not be restored.

Session expired

The server has moved on; the page needs a fresh start.